 Dungeon Crawl Stone Soup version 0.29.1-2-gbd0b4ee654 (webtiles) character file.

Game seed: 10284441505082863116

201 qeuew the Ducker (level 6, -2/40 HPs)
             Began as a Djinni Hedge Wizard on Nov 11, 2022.
             Slain by Ijyb
             ... wielding a +0 club
              (4 damage)
             ... on level 3 of the Dungeon.
             The game lasted 00:02:10 (3570 turns).

qeuew the Ducker (Djinni Hedge Wizard)              Turns: 3570, Time: 00:02:11

Health: -2/40      AC:  2    Str:  9    XL:     6   Next: 7%
Gold:   156        EV: 17    Int: 17    God:
                   SH:  0    Dex: 13

rFire   + + .      SeeInvis .   a - +0 dagger
rCold   x . .      Faith    .   (no shield)
rNeg    + . .      Spirit   .   b - +0 robe
rPois   ∞          Reflect  .   c - +0 hat
rElec   .          Harm     .   (no cloak)
rCorr   .          Rampage  .   (no gloves)
Will    .....                   (boots unavailable)
Stlth   ++........              (no amulet)
HPRegen 0.13/turn               d - +4 ring of evasion
MPRegen 0.00/turn               i - ring of positive energy

@: flying
A: sickness immunity, fire resistance 2, cold vulnerability 1, float, innate
caster, HP casting, extra vitality 1
a: no special abilities


You were on level 3 of the Dungeon.
You visited 1 branch of the dungeon, and saw 3 of its levels.

You collected 156 gold pieces.

Inventory:

Hand Weapons
 a - a +0 dagger (weapon)
Armour
 b - a +0 robe (worn)
 c - a +0 hat (worn)
Jewellery
 d - a +4 ring of evasion (left hand)
 f - a ring of resist corrosion
 i - a ring of positive energy (right hand)
Scrolls
 e - a scroll of identify
 h - a scroll of brand weapon {unknown}
 j - a scroll of teleportation
Potions
 g - a potion of heal wounds


   Skills:
 + Level 4.0 Dodging
 + Level 3.2 Stealth
 + Level 3.4 Spellcasting


You couldn't memorise any spells.
You knew the following spells:

 Your Spells              Type           Power      Damage    Failure   Level
a - Magic Dart            Conj           56%        1d5       4%          1
b - Blink                 Tloc           28%        N/A       6%          2
c - Call Imp              Summ           14%        N/A       6%          2
d - Slow                  Hex            56%        N/A       4%          1
e - Conjure Flame         Conj/Fire      14%        6-21      12%         3
f - Mephitic Cloud        Conj/Pois/Air  14%        N/A       12%         3
g - Sandblast             Erth           28%        2d8       4%          1
h - Ensorcelled Hibernat  Hex/Ice        28%        N/A       6%          2
Your spell library was empty.

Dungeon Overview and Level Annotations

Branches:
Dungeon (3/15)

Altars:
Qazlal

Annotations:
D:3 Ijyb


Innate Abilities, Weirdness & Mutations

You are immune to sickness and miasma.
You are immune to poison.
Your flesh is very heat resistant. (rF++)
You are vulnerable to cold. (rC-)
You float through the air rather than walking.
You learn spells naturally, not from books.
Your magical power is your life essence.
You have superior vitality. (+4 MHP)


Message History

Ijyb zaps a wand.
The puff of flame misses you.
You closely miss Ijyb.
Ijyb is heavily wounded.
Ijyb barely misses you.
You hit Ijyb.
Ijyb is severely wounded.
Ijyb zaps a wand.
The puff of flame hits you. You resist.
* * * LOW HITPOINT WARNING * * *
You hit Ijyb but do no damage.
Ijyb is severely wounded.
Ijyb zaps a wand.
The puff of flame hits you. You resist.
* * * LOW HITPOINT WARNING * * *
You closely miss Ijyb.
Ijyb is severely wounded.
Ijyb zaps a wand.
The puff of flame hits you. You resist.
* * * LOW HITPOINT WARNING * * *
You closely miss Ijyb.
Ijyb is severely wounded.
Ijyb hits you but does no damage.
You hit Ijyb but do no damage.
Ijyb is severely wounded.
Ijyb hits you with a +0 club.
* * * LOW HITPOINT WARNING * * *
You completely miss Ijyb.
Ijyb is severely wounded.
Ijyb closely misses you.
You closely miss Ijyb.
Ijyb is severely wounded.
Ijyb zaps a wand.
The puff of flame hits you. You resist.
* * * LOW HITPOINT WARNING * * *
You barely miss Ijyb.
Ijyb is severely wounded.
Ijyb hits you but does no damage.
You hit Ijyb.
Ijyb is severely wounded.
Ijyb closely misses you.
You barely miss Ijyb. Your punch misses Ijyb.
Ijyb is severely wounded.
Ijyb hits you with a +0 club.
You die...

#...# #.......# ##
###...######..##....##. #.
...........#..#....... #.
........... ..!.#.[.. #.
........... ....... #.
###...##### ..... #. #...#
...# ## #.#.# #..####?# #...#
#@g.....#
###...##########.#######
..........##......# ########
##...####>##.###..#####†.....#
......>##. #.........###.####
.......... ##.#####..........
.......##.# #.# #...##.####
##..#.###.# #.# #......#
..........# ..# #......#


You could see Ijyb.

Vanquished Creatures
  A black bear (D:3)
  Jessica (D:2)
  5 adders
  2 dart slugs
  An endoplasm (D:2)
  2 giant cockroaches
  3 goblins
  6 hobgoblins
  2 jackals (D:2)
  4 kobolds (D:2)
  3 quokkas
  2 ball pythons (D:2)
  3 bats
  3 frilled lizards
  6 rats
44 creatures vanquished.

Notes
Turn   | Place    | Note
-------+----------+-------------------------------------------
     0 | D:1      | qeuew the Djinni Hedge Wizard began the quest for the Orb.
     0 | D:1      | qeuew set off with the following spells memorised: Magic
                  | Dart, Blink, Call Imp, Slow, Conjure Flame, Mephitic Cloud.
     0 | D:1      | Reached XP level 1. HP: 15/15 MP: 0/0
   627 | D:1      | Reached XP level 2. HP: 11/21 MP: 0/0
  1845 | D:2      | Reached XP level 3. HP: 10/25 MP: 0/0
  1845 | D:2      | Learned a level 1 spell: Sandblast
  2207 | D:2      | Reached skill level 3 in Dodging
  2430 | D:2      | Noticed Jessica
  2434 | D:2      | Killed Jessica
  2435 | D:2      | Reached XP level 4. HP: 24/31 MP: 0/0
  2959 | D:3      | Found a stormy altar of Qazlal.
  2978 | D:3      | Reached XP level 5. HP: 32/35 MP: 0/0
  2978 | D:3      | Learned a level 2 spell: Ensorcelled Hibernation
  3207 | D:3      | Noticed a black bear
  3218 | D:3      | Killed a black bear
  3219 | D:3      | Reached XP level 6. HP: 23/40 MP: 0/0
  3406 | D:3      | Reached skill level 4 in Dodging
  3529 | D:3      | Noticed Ijyb
  3565 | D:3      | HP: 2/40 [Ijyb/+0 club (2)]
  3570 | D:3      | Slain by Ijyb

Illustrated notes

Levels and vault maps discovered:
D:1:      nzn_arrival_depleted_hourglass, layout_rooms
D:2:      cheibrodos_helix_gallery, layout_basic, grunt_ministairs_14,
          uniq_jessica
D:3:      layout_loops_cross, grunt_qazlal_sundering, uniq_ijyb

Skill      XL: |  1  2  3  4  5  6 |
---------------+-------------------+-----
Stealth        | 2 3 |  3.2
Dodging        | 3 4 |  4.0
Spellcasting   | 3 |  3.4

Action                   |  1- 3 |  4- 6 || total
-------------------------+-------+-------++-------
Melee: Dagger            |    34 |    31 ||    65
 Cast: Magic Dart        |    82 |    57 ||   139
  Use: Potion            |     3 |       ||     3
       Scroll            |     2 |     3 ||     5
Armor: Robe              |    16 |     3 ||    19
Dodge: Dodged            |    45 |    39 ||    84
